 Dungeon Crawl Stone Soup version 0.28.0-53-g5a82cb258f (webtiles) character file.

Game seed: 8225249813528808905

2468 Plasmagod the Covert (level 9, -3/42 HPs)
             Began as a Spriggan Enchanter on July 15, 2022.
             Was a Follower of Dithmenos.
             Slain by Grum
             ... wielding a +0 spear
              (19 damage)
             ... on level 8 of the Dungeon.
             The game lasted 00:42:50 (8916 turns).

Plasmagod the Covert (Spriggan Enchanter)           Turns: 8916, Time: 00:42:50

Health: -3/42      AC:  5    Str:  4    XL:     9   Next: 26%
Magic:  13/20      EV: 21    Int: 18    God:    Dithmenos [*.....]
Gold:   555        SH:  0    Dex: 24    Spells: 14/22 levels left

rFire   . . .      SeeInvis +   x - +3 dagger (venom)
rCold   . . .      Faith    .   (no shield)
rNeg    + . .      Spirit   .   m - +2 robe {rN+}
rPois   .          Reflect  .   g - +1 hat
rElec   .          Harm     .   (no cloak)
rCorr   .          Rampage  .   (gloves unavailable)
Will    +....                   (boots unavailable)
Stlth   ++++++....              (no amulet)
HPRegen 0.14/turn               f - +6 ring of dexterity
MPRegen 0.17/turn               h - ring of flight

@: flying, wreathed by umbra, very quick
A: very small, no large weapons, unfitting armour, see invisible, speed 3
a: Renounce Religion


You were on level 8 of the Dungeon.
You worshipped Dithmenos.
Dithmenos was aware of your devotion.
You visited 2 branches of the dungeon, and saw 9 of its levels.

You collected 555 gold pieces.

Inventory:

Hand Weapons
 a - a +2 dagger
 x - a +3 dagger of venom (weapon)
Missiles
 t - 8 poisoned darts (quivered)
Armour
 b - a +0 robe
 g - a +1 hat (worn)
 m - a +2 robe of positive energy (worn)
Jewellery
 d - an amulet of guardian spirit
 f - a +6 ring of dexterity (left hand)
 h - a ring of flight (right hand)
Wands
 q - a wand of digging (8)
 w - a wand of paralysis (11)
Scrolls
 j - a scroll of teleportation
 o - a scroll of fog
 r - a scroll of identify
 u - a scroll of immolation {unknown}
 y - a scroll of brand weapon {unknown}
Potions
 c - a potion of invisibility
 e - 3 potions of brilliance
 i - 3 potions of ambrosia
 k - 2 potions of haste
 l - 2 potions of curing
 n - 2 potions of flight
 p - a potion of might
 s - a potion of lignification
 v - a potion of cancellation {unknown}


   Skills:
 + Level 1.6 Fighting
 + Level 4.2 Short Blades
 + Level 1.2 Throwing
 + Level 5.0 Dodging
 + Level 11.7 Stealth
 + Level 7.0 Spellcasting
 + Level 7.1 Hexes
 + Level 3.1 Ice Magic


You had 14 spell levels left.
You knew the following spells:

 Your Spells              Type           Power      Damage    Failure   Level
a - Ensorcelled Hibernat  Hex/Ice        48%        N/A       1%          2
b - Tukima's Dance        Hex            32%        N/A       1%          3
c - Confusing Touch       Hex            32%        N/A       1%          3

Your spell library contained the following spells:

 Spells                   Type           Power      Damage    Failure   Level
 Cause Fear               Hex            16%        N/A       5%          4
 Dazzling Flash           Conj/Hex       38%        N/A       8%          3
 Inner Flame              Hex/Fire       19%        N/A       8%          3
 Scorch                   Fire           12%        2d6       16%         2
 Gell's Gravitas          Tloc           6%         N/A       32%         3
 Teleport Other           Tloc           6%         N/A       32%         3
 Flame Wave               Conj/Fire      6%         2d5       71%         4
 Dispersal                Tloc           3%         N/A       100%        6
 Summon Cactus Giant      Summ           3%         N/A       100%        6
 Discord                  Hex            16%        N/A       100%        8


Dungeon Overview and Level Annotations

Branches:
Dungeon (8/15)             Temple (1/1) D:4
   Lair: D:8-11

Altars:
Ashenzari
Cheibriados
Dithmenos
Elyvilon
Fedhas
Gozag
Hepliaklqana
Makhleb
Nemelex Xobeh
Okawaru
Qazlal
Ru
Sif Muna
Trog
Vehumet
Wu Jian
Xom
Yredelemnul
Zin
The Shining One

Shops:
D:1 *   D:4 :   D:7 *

Annotations:
D:4 1 runed translucent door, crompyre's ghost, amateur GnCA
D:8 Grum


Innate Abilities, Weirdness & Mutations

You are very small and have problems with some larger weapons.
You are too small for most types of armour.
You have supernaturally acute eyesight. (SInv)
You cover ground extremely quickly. (Speed+++)


Message History

Your Spellcasting skill increases to level 7!
Grum growls angrily.
You hear a howl!
A wolf comes into view.
The wolf bites you.
The wolf howls!
Casting: Ensorcelled Hibernation (safe; 1% risk of failure)
Confirm with . or Enter, or press ? or * to list all spells.
Aiming: Ensorcelled Hibernation (safe; 1% risk of failure)
Press: ? - help, Shift-Dir - straight line, f - wolf
Aim: a wolf (umbra, chance to affect: 55%)
The wolf looks drowsy...
Grum completely misses you.
The helpless wolf fails to defend itself.
You spit the wolf like a pig!!!!
You kill the wolf!
Dithmenos accepts your kill.
Grum hits you from afar with a +0 spear!
Casting: Ensorcelled Hibernation (safe; 1% risk of failure)
Confirm with . or Enter, or press ? or * to list all spells.
Aiming: Ensorcelled Hibernation (safe; 1% risk of failure)
Press: ? - help, Shift-Dir - straight line, f - wolf
Aim: a wolf (umbra, chance to affect: 55%)
The wolf looks drowsy...
Grum hits you from afar with a +0 spear!
The helpless wolf fails to defend itself.
You perforate the wolf like a sieve!!!!
You kill the wolf!
Dithmenos accepts your kill. Grum misses you.
Casting: Ensorcelled Hibernation (safe; 1% risk of failure)
Confirm with . or Enter, or press ? or * to list all spells.
Aiming: Ensorcelled Hibernation (safe; 1% risk of failure)
Press: ? - help, Shift-Dir - straight line, f - wolf
Aim: a wolf (umbra, chance to affect: 55%)
The wolf looks drowsy...
Grum misses you.
The helpless wolf fails to defend itself.
You skewer the wolf like a kebab!!!!
You kill the wolf!
Dithmenos accepts your kill.
Grum hits you from afar with a +0 spear!!
You die...

#...............#
####.......######
#######.# #.# #.#
#### #.# . #....
#.# ...
......##.#..#
#..g†@....#
#...##.#..# .....
.....# .###
.....# #...#...
##.###### #.# .#


You could see Grum.

Vanquished Creatures
  Pikel (D:4)
  Grinder (D:4)
  A steam dragon (D:7)
  A water moccasin (D:5)
  An orc warrior (D:8)
  An ogre (D:7)
  4 wolves (D:8)
  A bullfrog (D:7)
  4 lemures (D:4)
  2 scorpions
  4 killer bees (D:7)
  3 howler monkeys
  A centaur zombie (D:6)
  A hound (D:6)
  A bullfrog zombie (D:7)
  2 jellies
  A gnoll shaman (D:8)
  2 orc priests
  Crazy Yiuf (D:7)
  2 bullfrog skeletons
  5 iguanas
  An orc wizard (D:8)
  A killer bee zombie (D:7)
  6 gnolls
  A howler monkey skeleton (D:7)
  3 adders
  A white imp (D:6)
  5 worms
  A dart slug (D:2)
  19 orcs
  5 ball pythons
  5 endoplasms
  3 giant cockroaches
  2 goblins
  5 hobgoblins
  7 jackals
  4 quokkas
  6 bats
  3 frilled lizards
  5 kobolds
  5 rats
128 creatures vanquished.

Vanquished Creatures (others)
  A dancing weapon (D:4)
  2 withered plants (D:4)
3 creatures vanquished.

Grand Total: 131 creatures vanquished

Notes
Turn   | Place    | Note
-------+----------+-------------------------------------------
     0 | D:1      | Plasmagod the Spriggan Enchanter began the quest for the
                  | Orb.
     0 | D:1      | Reached XP level 1. HP: 9/9 MP: 5/5
   196 | D:1      | Found a faded altar of an unknown god.
   211 | D:1      | Reached XP level 2. HP: 12/13 MP: 6/6
   214 | D:1      | Learned a level 2 spell: Ensorcelled Hibernation
   613 | D:1      | Found Util's General Store.
   631 | D:1      | Reached XP level 3. HP: 16/16 MP: 8/8
  1273 | D:2      | Reached skill level 5 in Stealth
  1560 | D:2      | Reached XP level 4. HP: 21/21 MP: 7/10
  3210 | D:3      | Reached XP level 5. HP: 21/24 MP: 3/12
  3567 | D:4      | Noticed crompyre's ghost (amateur GnCA)
  3567 | D:4      | Found a runed translucent door.
  3619 | D:4      | Noticed Grinder
  3640 | D:4      | Reached skill level 6 in Stealth
  3734 | D:4      | Found a staircase to the Ecumenical Temple.
  3743 | Temple   | Entered the Ecumenical Temple
  3858 | Temple   | Became a worshipper of Dithmenos the Shadowed
  4006 | D:4      | Noticed Pikel
  4006 | D:4      | Noticed a lemure
  4006 | D:4      | Noticed a lemure
  4006 | D:4      | Noticed a lemure
  4006 | D:4      | Noticed a lemure
  4008 | D:4      | Killed a lemure
  4015 | D:4      | Killed a lemure
  4031 | D:4      | Killed a lemure
  4136 | D:4      | Found Kutayd's Book Shop.
  4197 | D:4      | Reached skill level 1 in Ice Magic
  4197 | D:4      | Reached XP level 6. HP: 13/28 MP: 2/13
  4722 | D:4      | Learned a level 3 spell: Tukima's Dance
  4855 | D:4      | Killed Pikel
  4856 | D:4      | Reached skill level 7 in Stealth
  4856 | D:4      | Reached skill level 5 in Spellcasting
  4856 | D:4      | Reached skill level 5 in Hexes
  4856 | D:4      | Reached XP level 7. HP: 6/32 MP: 0/16
  5555 | D:4      | Paralysed by Grinder for 3 turns
  5684 | D:5      | Entered Level 5 of the Dungeon
  5711 | D:5      | Reached skill level 8 in Stealth
  5966 | D:5      | Reached skill level 1 in Fighting
  6933 | D:6      | Reached XP level 8. HP: 37/37 MP: 10/17
  7473 | D:4      | Learned a level 3 spell: Confusing Touch
  7496 | D:4      | Killed Grinder
  7497 | D:4      | Reached skill level 9 in Stealth
  7593 | D:7      | Reached skill level 1 in Throwing
  7793 | D:7      | Found a radiant altar of Vehumet.
  7988 | D:7      | Reached skill level 10 in Stealth
  8125 | D:7      | Identified the +2 mace of Dried Tears {venom, rElec rCorr
                  | Dex+2}
  8127 | D:7      | Found a runed translucent door.
  8128 | D:7      | Noticed Crazy Yiuf
  8136 | D:7      | Killed Crazy Yiuf
  8237 | D:7      | Found a snail-covered altar of Cheibriados.
  8256 | D:7      | Found a shimmering altar of Xom.
  8414 | D:7      | Found a burning altar of Makhleb.
  8427 | D:7      | Reached skill level 5 in Dodging
  8427 | D:7      | Reached skill level 11 in Stealth
  8427 | D:7      | Reached XP level 9. HP: 41/41 MP: 16/20
  8583 | D:7      | Found Ynnivyac's General Store.
  8657 | D:8      | Reached * piety under Dithmenos
  8906 | D:8      | Noticed Grum
  8916 | D:8      | Slain by Grum

Illustrated notes

Levels and vault maps discovered:
D:1:      wander_arrival_desolate, layout_rooms,
          hellmonk_ecumenical_altar_arch_garden, serial_shops, shop
D:2:      layout_basic, grunt_ministairs_15, minmay_misc_feat_nine_boxes,
          minmay_tiny_reverse_x
D:3:      layout_basic
D:4:      layout_loops_ring, minmay_temple_entry_waves, gammafunk_ghost_grave,
          serial_shops, shop_fountains, hangedman_abyss_or_decor_passed,
          uniq_pikel, uniq_grinder
D:5:      layout_rooms
D:6:      layout_loops_ring
D:7:      layout_gridville, mainiacjoe_overflow_alcove_2, amcnicky_altar_gilded,
          jmf_multi_god_temple, serial_shops, shop, uniq_crazy_yiuf_cottage
D:8:      layout_loops_corners, uniq_gastronok, uniq_grum, uniq_joseph,
          uniq_psyche
Temple:   eino_temple_rhombus

Skill      XL: |  1  2  3  4  5  6  7  8  9 |
---------------+----------------------------+-----
Hexes          | 4 5 6 7 |  7.1
Spellcasting   | 3 4 5 6 7 |  7.0
Stealth        | 5 6 7 8 11 | 11.7
Dodging        | 3 5 |  5.0
Short Blades   | 2 3 4 |  4.2
Ice Magic      | 1 2 3 |  3.1
Fighting       | 1 |  1.6
Throwing       | 1 |  1.2

Action                   |  1- 3 |  4- 6 |  7- 9 || total
-------------------------+-------+-------+-------++-------
Melee: Dagger            |    74 |   124 |   153 ||   351
       Punch             |     3 |     3 |     2 ||     8
Throw: Dart              |       |       |    16 ||    16
 Cast: Ensorcelled Hiber |    18 |    56 |    55 ||   129
       Tukima's Dance    |       |     1 |       ||     1
       Confusing Touch   |       |       |     4 ||     4
  Use: Scroll            |       |     5 |    10 ||    15
 Stab: Distracted        |     2 |       |     1 ||     3
       Sleeping          |    15 |    41 |    45 ||   101
       Confused          |       |       |     4 ||     4
Armor: Robe              |     8 |    12 |    11 ||    31
Dodge: Dodged            |    42 |    81 |   108 ||   231
